 Dungeon Crawl Stone Soup version 0.17-a0-1648-g0a089d4 (webtiles) character file.

891 karlkraus the Covered (level 8, -2/62 HPs)
             Began as a Formicid Fighter on Aug 12, 2015.
             Slain by Duvessa
             ... wielding a +0 rapier
              (4 damage)
             ... on level 5 of the Dungeon.
             The game lasted 00:12:14 (4573 turns).

karlkraus the Covered (Formicid Fighter)            Turns: 4573, Time: 00:12:15

Health: -2/62      AC:  7    Str: 25    XL:     8   Next: 27%
Magic:  8/8        EV: 11    Int:  9    God:
Gold:   282        SH: 11    Dex: 17    Spells: 0 memorised, 7 levels left

rFire  . . .     SeeInvis +     a - +0 trident
rCold  . . .     Clarity  .     b - +0 scale mail
rNeg   . . .     SustAt   .     c - +0 shield
rPois  .         Gourm    .     (helmet unavailable)
rElec  .         Spirit   .     (no cloak)
rCorr  .         Warding  .     (no gloves)
rMut   .         Stasis   +     (no boots)
MR     +....                    (no amulet)
Stlth  ..........               y - +5 ring of dexterity
                                E - ring of protection from magic

@: mighty, somewhat resistant to hostile enchantments, extremely unstealthy
A: permanent stasis, dig shafts and tunnels, four strong arms, antennae 3
a: Dig, Shaft Self


You were on level 5 of the Dungeon.
You were hungry.

You visited 1 branch of the dungeon, and saw 6 of its levels.

You collected 282 gold pieces.

Inventory:

Hand weapons
 a - a +0 trident (weapon)
Armour
 b - a +0 scale mail (worn)
 c - a +0 shield (worn)
Jewellery
 y - a +5 ring of dexterity (right hand)
 A - an uncursed ring of flight
 E - a ring of protection from magic (left hand)
Magical devices
 n - a wand of heal wounds (5)
 z - a wand of magic darts (27)
Scrolls
 h - a scroll of enchant weapon {unknown}
 i - 4 scrolls of random uselessness {unknown}
 j - 5 scrolls of identify
 o - 3 scrolls of blinking {unknown}
 p - a scroll of amnesia {unknown}
 r - 2 scrolls of fear {unknown}
 s - a scroll of teleportation {unknown}
 v - 3 scrolls of recharging {unknown}
 B - a scroll of magic mapping {unknown}
 C - a scroll of enchant armour {unknown}
Potions
 d - 2 potions of might
 f - 2 potions of flight
 l - 2 potions of brilliance
 m - a potion of cure mutation
 t - a potion of poison {unknown}
 u - 3 potions of curing
 x - a potion of lignification {unknown}
 D - a potion of resistance {unknown}
Comestibles
 e - 7 bread rations
 g - a slice of pizza
 q - 4 meat rations


   Skills:
 + Level 5.3 Fighting
 + Level 3.9 Polearms
 + Level 6.1 Armour
 + Level 2.9 Dodging
 + Level 6.0 Shields


You had 7 spell levels left.
You didn't know any spells.

Dungeon Overview and Level Annotations

Branches:
Dungeon (6/15)
 Temple: D:4-7

Altars:
Zin

Shops:
D:5 %

Annotations:
D:5 Duvessa


Innate Abilities, Weirdness & Mutations

You are under a permanent stasis effect.
You can dig through walls and to a lower floor.
Your four strong arms can wield two-handed weapons with a shield.
You have a pair of large antennae on your head (SInv).


Message History

Dowan is heavily wounded.
Dowan hits you with a dagger.
* * * LOW HITPOINT WARNING * * *
You block Duvessa's attack. Dowan closely misses you.
You barely miss Dowan.
Dowan is heavily wounded.
Duvessa zaps a wand.
You block the puff of frost. Dowan hits you with a dagger.
* * * LOW HITPOINT WARNING * * *
Duvessa hits you with a rapier.
* * * LOW HITPOINT WARNING * * *
You puncture Dowan!
You kill Dowan!
Duvessa screams, "No!
How DARE you!"
Duvessa goes berserk!
Duvessa hits you with a rapier.
* * * LOW HITPOINT WARNING * * *
Things that are here:
a dagger; a robe Duvessa hits you but does no damage.
Duvessa hits you with a rapier.
You die...

#............# #........# #..#..
#............# #........# #..#..
#............####........######..
'.................#+##...........
#.................+..#...........
#..............>..#..'...........
#...............).#..#...........
#...............e.#..#...........
#...............@.'..###'########
#.................#.[+......+....
#.................##+##.#########
#.....................#.#########
#....#####............+..'..+....
#....# #............#'#########
###### ##'####+##.......#######
.# #...+....+.......+.....' .#
##.####'##.......#.###+#


You could see Duvessa (berserk).

Vanquished Creatures
  An ogre (D:5)
  A centaur (D:5)
  Dowan (D:5)
  A centaur skeleton (D:5)
  2 orc priests (D:4)
  An iguana (D:4)
  4 hounds
  A giant frog skeleton (D:3)
  Terence (D:2)
  3 orc wizards
  3 worker ants
  Robin (D:2)
  7 adders
  4 gnolls (D:5)
  A worker ant zombie (D:3)
  A worm (D:2)
  13 orcs
  3 giant cockroaches
  8 hobgoblins
  4 jackals (D:1)
  2 kobolds (D:1)
  4 quokkas
  3 bats
  4 giant geckos
  5 giant newts
  17 goblins
  A quokka zombie (D:5)
  6 rats
103 creatures vanquished.

Vanquished Creatures (others)
  2 orc wizards
2 creatures vanquished.

Grand Total: 105 creatures vanquished

Notes
Turn   | Place    | Note
--------------------------------------------------------------
     0 | D:1      | karlkraus the Formicid Fighter began the quest for the Orb.
     0 | D:1      | Reached XP level 1. HP: 18/18 MP: 1/1
     9 | D:1      | Noticed an eight-headed hydra
     9 | D:1      | Noticed a polar bear
     9 | D:1      | Noticed a salamander
   154 | D:1      | Reached XP level 2. HP: 24/24 MP: 2/2
   442 | D:1      | Reached skill level 4 in Shields
   481 | D:1      | Reached XP level 3. HP: 28/30 MP: 3/3
   970 | D:2      | Noticed Terence
   993 | D:2      | Killed Terence
   993 | D:2      | Reached XP level 4. HP: 20/37 MP: 4/4
  1103 | D:2      | Noticed Robin
  1407 | D:2      | Reached skill level 1 in Dodging
  1438 | D:2      | Killed Robin
  1438 | D:2      | Reached XP level 5. HP: 22/42 MP: 5/5
  2005 | D:3      | Reached XP level 6. HP: 40/48 MP: 6/6
  2074 | D:3      | Reached skill level 5 in Shields
  2506 | D:4      | Reached XP level 7. HP: 35/55 MP: 7/7
  2510 | D:4      | Reached skill level 5 in Armour
  2598 | D:4      | Found a glowing silver altar of Zin.
  3469 | D:5      | Entered Level 5 of the Dungeon
  3469 | D:5      | Found Imiss's Food Emporium.
  3540 | D:5      | Reached skill level 5 in Fighting
  4082 | D:5      | Reached XP level 8. HP: 15/62 MP: 8/8
  4288 | D:5      | Reached skill level 6 in Armour
  4514 | D:6      | Noticed Duvessa
  4514 | D:6      | Noticed Dowan
  4569 | D:5      | HP: 2/62 [Duvessa/rapier (4)]
  4570 | D:5      | Killed Dowan
  4573 | D:5      | Slain by Duvessa

Vault maps used:
D:1:      onia_arrival_zoo_common
D:2:      first_bread, uniq_terence, uniq_robin
D:4:      kennysheep_mini_moat, hangedman_decor_lopped
D:5:      serial_shops, shop
D:6:      nemelex_altar_shiori, temple_fountains, nicolae_elemental_shop,
          uniq_duvessa

Action                   |  1- 3 |  4- 6 |  7- 9 || total
-------------------------+-------+-------+-------++-------
Melee: Trident           |   107 |   263 |   183 ||   553
  Use: Potion            |       |     3 |     4 ||     7
       Scroll            |       |     2 |       ||     2
 Stab: Confused          |       |     1 |       ||     1
  Eat: Chunk             |       |     6 |     6 ||    12
